 Dungeon Crawl Stone Soup version 0.20.1-1-g8b1a95d (webtiles) character file.

384 AverageBear the Ducker (level 6, -2/36 HPs)
             Began as a Deep Elf Fighter on July 18, 2017.
             Slain by a bullfrog skeleton (5 damage)
             ... on level 4 of the Dungeon.
             The game lasted 00:06:06 (2949 turns).

AverageBear the Ducker (Deep Elf Fighter)           Turns: 2949, Time: 00:06:07

Health: -2/36      AC:  8    Str: 15    XL:     6   Next: 47%
Magic:  8/8        EV: 12    Int: 13    God:
Gold:   253        SH:  8    Dex: 16    Spells: 5/5 levels left

rFire    . . .     SeeInvis .   a - +0 rapier
rCold    . . .     Gourm    .   c - +0 shield
rNeg     . . .     Faith    .   q - +0 ring mail
rPois    .         Spirit   .   o - +0 helmet
rElec    .         Reflect  .   (no cloak)
rCorr    .         Harm     .   m - +0 pair of gloves
MR       .....                  j - +0 pair of boots
Stlth    +.........             (no amulet)
Regen    0.2/turn               i - +2 ring of dexterity
MPRegen  0.2/turn               k - +1 ring of evasion

@: no status effects
A: no striking features
a: no special abilities


You were on level 4 of the Dungeon.
You were not hungry.

You visited 1 branch of the dungeon, and saw 4 of its levels.

You collected 253 gold pieces.

Inventory:

Hand Weapons
 a - a +0 rapier (weapon)
 h - a +1 dagger of freezing
Armour
 b - a +0 scale mail
 c - a +0 shield (worn)
 j - a +0 pair of boots (worn)
 m - a +0 pair of gloves (worn)
 o - a +0 helmet (worn)
 q - a +0 ring mail (worn)
Jewellery
 i - a +2 ring of dexterity (left hand)
 k - a +1 ring of evasion (right hand)
Scrolls
 e - 2 scrolls of teleportation
 u - a scroll of blinking
 v - a scroll of fog
Potions
 g - a potion of brilliance
 s - a potion of flight
Books
 l - a book of Maledictions

   Spells                             Type                      Level
   a - Corona                         Hexes                        1
   b - Ensorcelled Hibernation        Hexes/Ice                    2
   c - Confuse                        Hexes                        3
   d - Tukima's Dance                 Hexes                        3
   e - Dazzling Spray                 Conjuration/Hexes            3
Comestibles
 d - a chunk of flesh
 f - 4 bread rations
 t - 2 royal jellies


   Skills:
 - Level 2.4 Fighting
 + Level 5.2 Short Blades
 - Level 2.4 Armour
 - Level 5.3 Dodging
 - Level 2.4 Shields


You had 5 spell levels left.
You didn't know any spells.

Dungeon Overview and Level Annotations

Branches:
Dungeon (4/15)
 Temple: D:4-7

Altars:
Hepliaklqana
Trog

Annotations:
D:3 Comradeskeleton's ghost, amateur HOMo
D:4 Robin


Message History

You kill the goblin!
You puncture the hobgoblin!
You kill the hobgoblin!
The goblin closely misses you.
The hobgoblin no longer looks unusually strong.
You closely miss the hobgoblin.
The goblin no longer looks unusually strong.
The hobgoblin no longer looks unusually strong.
You block the goblin's attack. The hobgoblin barely misses you.
The hobgoblin no longer looks unusually strong.
The goblin no longer looks unusually strong.
You feel a little less mighty now. The bullfrog skeleton hits you.
* * * LOW HITPOINT WARNING * * *
A frilled lizard comes into view.
The bullfrog skeleton hits you but does no damage.
There is a stone staircase leading up here.
The frilled lizard hisses angrily.
The bullfrog skeleton hits you.
You die...

# # #.......##.....
#####.##.l.........
).................
#####.#.......... .##
#..........#
g.###..........#
#).#..........g###
##....g..gg..ggZ@#
...............#.##
#.......#.####....####
........#.#####......#
........#..............
.......................
.......................
.......################
.......#


You could see 3 hobgoblins, 2 goblins, a frilled lizard and a bullfrog skeleton.

Vanquished Creatures
  Menkaure (D:4)
  A phantom (D:4)
  Natasha (D:3)
  3 gnolls (D:3)
  4 adders
  An ooze (D:1)
  2 worms
  A leopard gecko (D:2)
  10 orcs
  A ball python (D:2)
  2 giant cockroaches
  13 goblins
  9 hobgoblins
  9 jackals
  6 kobolds
  A quokka (D:4)
  3 bats
  A frilled lizard (D:2)
  3 rats
72 creatures vanquished.

Notes
Turn   | Place    | Note
-------+----------+-------------------------------------------
     0 | D:1      | AverageBear the Deep Elf Fighter began the quest for the Orb.
     0 | D:1      | Reached XP level 1. HP: 13/13 MP: 3/3
   218 | D:1      | Reached XP level 2. HP: 14/18 MP: 4/4
   754 | D:2      | Reached XP level 3. HP: 21/22 MP: 5/5
  1461 | D:3      | Reached XP level 4. HP: 26/27 MP: 6/6
  1497 | D:3      | Reached skill level 1 in Dodging
  1556 | D:3      | Found a bloodstained altar of Trog.
  2170 | D:3      | Noticed Comradeskeleton's ghost (amateur HOMo)
  2344 | D:2      | Reached XP level 5. HP: 20/31 MP: 7/7
  2582 | D:3      | Noticed Natasha
  2593 | D:3      | Killed Natasha
  2757 | D:3      | Found a hazy altar of Hepliaklqana.
  2828 | D:4      | Noticed a phantom
  2871 | D:4      | Killed a phantom
  2871 | D:4      | Reached skill level 5 in Dodging
  2887 | D:4      | Noticed Menkaure
  2895 | D:4      | Killed Menkaure
  2895 | D:4      | Reached skill level 5 in Short Blades
  2895 | D:4      | Reached XP level 6. HP: 8/36 MP: 8/8
  2919 | D:4      | Noticed Robin
  2949 | D:4      | Slain by a bullfrog skeleton

Skill      XL: |  1  2  3  4  5 |
---------------+----------------+-----
Short Blades   | 3 4 5 |  5.2
Dodging        | 3 5 |  5.3
Fighting       | |  2.4
Armour         | |  2.4
Shields        | |  2.4

Action                   |  1- 3 |  4- 6 || total
-------------------------+-------+-------++-------
Melee: Rapier            |   146 |   159 ||   305
       Dagger            |       |     6 ||     6
  Use: Scroll            |     3 |     2 ||     5
       Potion            |     1 |     7 ||     8
  Eat: Chunk             |     2 |     5 ||     7
Armor: Scale mail        |    40 |       ||    40
       Ring mail         |    16 |    54 ||    70
       Skin              |       |    13 ||    13
Dodge: Dodged            |    31 |    91 ||   122
Block: Shield            |    57 |    77 ||   134
